 Dungeon Crawl Stone Soup version 0.26-a0-663-g36e8fdb655 (webtiles) character file.

Game seed: 3736766331414988785

86 BeastOfSaturn the Stinger (level 4, 0/32 HPs)
             Began as a Demonspawn Venom Mage on Oct 12, 2020.
             Was a Follower of Qazlal.
             Killed by divine providence
             ... invoked by an orc priest
              (12 damage)
             ... on level 3 of the Dungeon on Jan 13, 2021.
             The game lasted 00:07:42 (2755 turns).

BeastOfSaturn the Stinger (Demonspawn Venom Mage)   Turns: 2755, Time: 00:07:42

Health: 0/32       AC: 12    Str:  9    XL:     4   Next: 27%
Magic:  7/7        EV:  0    Int: 17    God:    Qazlal [*.....]
Gold:   133        SH:  1    Dex: 13    Spells: 1/7 levels left

rFire    + . .     SeeInvis .   i - +0 flail (drain)
rCold    . . .     Faith    .   (no shield)
rNeg     . . .     Spirit   .   d - +0 plate armour
rPois    .         Reflect  .   (no helmet)
rElec    .         Harm     .   (no cloak)
rCorr    .         Rampage  .   (no gloves)
MR       .....                  (no boots)
Stlth    ..........             (no amulet)
HPRegen  0.10/turn              g - ring of wizardry
MPRegen  0.10/turn              (no ring)

@: no status effects
A: hooves 1, icy blue scales 1, fire resistance 1
a: Renounce Religion


You were on level 3 of the Dungeon.
You worshipped Qazlal.
Qazlal was aware of your devotion.
You visited 1 branch of the dungeon, and saw 3 of its levels.

You collected 133 gold pieces.

Inventory:

Hand Weapons
 b - a +0 hand axe
 i - a +0 flail of draining (weapon)
Armour
 a - a +0 robe
 d - a +0 plate armour (worn)
Jewellery
 g - a ring of wizardry (left hand)
Scrolls
 c - a scroll of blinking {unknown}
 e - a scroll of enchant armour {unknown}
 f - a scroll of teleportation
 j - a scroll of identify
Potions
 h - a potion of ambrosia {unknown}
 k - 2 potions of cancellation {unknown}


   Skills:
 * Level 1.1 Fighting
 - Level 1.1 Axes
 * Level 0.8 Armour
 - Level 2.0 Dodging
 - Level 1.7 Stealth
 - Level 2.0 Spellcasting
 - Level 0.8 Transmutations
 - Level 4.3 Poison Magic


You had one spell level left.
You knew the following spells:

 Your Spells              Type           Power        Failure   Level
a - Sting                 Tmut/Pois      ##..         100%        1
b - Poisonous Vapours     Pois/Air       #.....       100%        2
c - Mephitic Cloud        Conj/Pois/Air  #.......     100%        3

Your spell library contained the following spells:

 Spells                   Type           Power        Failure   Level
 Confusing Touch          Hex            #.......     100%        3
 Gell's Gravitas          Tloc           #.........   100%        3
 Ignite Poison            Fire/Tmut/Pois #.......     100%        3
 Olgreb's Toxic Radiance  Pois           ###.....     100%        4
 Petrify                  Tmut/Erth      #.......     100%        4
 Metabolic Englaciation   Hex/Ice        #.........   100%        5
 Yara's Violent Unravell  Hex/Tmut       #.........   100%        5


Dungeon Overview and Level Annotations

Branches:
Dungeon (3/15)

Altars:
Qazlal


Innate Abilities, Weirdness & Mutations

You have large cloven feet.
You are partially covered in icy blue scales. (AC +2)
Your flesh is heat resistant. (rF+)


Message History

The bat hits you but does no damage. The bat hits you but does no damage. x2
Your plate armour prevents you from hitting the bat.
The bat is heavily wounded.
The bat hits you but does no damage. The bat completely misses you.
You miss the bat. Your kick misses the bat.
The bat is heavily wounded.
The bat hits you but does no damage. x3
You sock the bat!
You kill the bat!
Qazlal accepts your kill.
The orc throws a boomerang.
The boomerang hits you but does no damage.
The weapon returns to the orc!
The orc throws a boomerang.
The boomerang hits you but does no damage.
The weapon returns to the orc!
The orc priest calls down the wrath of Beogh upon you.
Beogh smites you!
You die...

#.## .... #... #..# #..#
#..# #..# #g)# #..# #oo#
######..# #o.###### ##.
........# #(....... ...
#######.#########g#######
######..........@..†ooo#
.......#####......######
######## ######.########
#......... ##########


You could see an orc priest, 2 orcs and a hobgoblin.

Vanquished Creatures
  3 adders
  An ooze (D:1)
  2 leopard geckos (D:3)
  6 orcs (D:3)
  3 ball pythons
  3 giant cockroaches
  5 goblins
  2 hobgoblins
  A quokka (D:3)
  5 bats
  4 frilled lizards
  8 kobolds
  5 rats
48 creatures vanquished.

Notes
Turn   | Place    | Note
-------+----------+-------------------------------------------
     0 | D:1      | BeastOfSaturn the Demonspawn Venom Mage began the quest for
                  | the Orb.
     0 | D:1      | Reached XP level 1. HP: 13/13 MP: 3/3
   454 | D:1      | Gained mutation: You are partially covered in icy blue
                  | scales. (AC +2) [demonic ancestry]
   454 | D:1      | Reached XP level 2. HP: 3/19 MP: 0/5
   721 | D:1      | Learned a level 2 spell: Poisonous Vapours
  1745 | D:2      | Reached skill level 4 in Poison Magic
  1745 | D:2      | Gained mutation: You have large cloven feet. [demonic
                  | ancestry]
  1745 | D:2      | Reached XP level 3. HP: 24/24 MP: 0/6
  1833 | D:2      | Learned a level 3 spell: Mephitic Cloud
  1922 | D:2      | Found a stormy altar of Qazlal.
  1924 | D:2      | Noticed an air elemental
  1924 | D:2      | Noticed an earth elemental
  1925 | D:2      | Noticed a fire elemental
  1925 | D:2      | Noticed a water elemental
  1930 | D:2      | Became a worshipper of Qazlal Stormbringer
  2432 | D:3      | Reached skill level 1 in Axes
  2432 | D:3      | Gained mutation: Your flesh is heat resistant. (rF+)
                  | [demonic ancestry]
  2432 | D:3      | Reached XP level 4. HP: 30/31 MP: 7/7
  2449 | D:3      | Reached skill level 1 in Fighting
  2729 | D:3      | Reached * piety under Qazlal
  2755 | D:3      | Killed from afar by an orc priest

Illustrated notes

Levels and vault maps discovered:
D:1:      tarquinn_simple_flora_water_e, layout_basic
D:2:      layout_rooms, nicolae_qazlal_style_of_elements
D:3:      layout_loops_ring, chequers_ecumenical_altar_simple,
          gammafunk_ghost_nasty_kobolds

Skill      XL: |  1  2  3  4 |
---------------+-------------+-----
Dodging        | 2 |  2.0
Poison Magic   | 4 |  4.3
Axes           | 1 |  1.1
Fighting       | 1 |  1.1
Armour         | |  0.8
Stealth        | |  1.7
Spellcasting   | |  2.0
Transmutations | |  0.8

Action                   |  1- 3 |  4- 6 || total
-------------------------+-------+-------++-------
Melee: Hand axe          |    96 |       ||    96
       Kick              |    10 |     6 ||    16
       Flail             |     7 |    40 ||    47
 Cast: Sting             |    12 |       ||    12
       Poisonous Vapours |     8 |       ||     8
  Use: Scroll            |     3 |       ||     3
 Stab: Sleeping          |     2 |       ||     2
Armor: Robe              |    17 |       ||    17
       Plate armour      |    60 |    54 ||   114
Dodge: Dodged            |    48 |     2 ||    50

Table legend: (Time is in decaauts)
 A = Elapsed time spent in this place.
 B = Non-inter-level travel time spent in this place.
 C = Inter-level travel time spent in this place.
 D = Time resting spent in this place.
 E = Time spent auto-exploring this place.
 F = Levels seen in this place.
 G = Mean time per level.
                   A        B        C        D        E       F      G
               +--------+--------+--------+--------+--------+-----+--------+
         Total |   2799 |   2725 |     74 |    408 |   1730 |   3 |  933.0 |
       Dungeon |   2799 |   2725 |     74 |    408 |   1730 |   3 |  933.0 |
               +--------+--------+--------+--------+--------+-----+--------+

Top non-repeatable levels by time:
     D:1: 1505 daAuts
     D:2: 897 daAuts
     D:3: 396 daAuts
